 Dungeon Crawl Stone Soup version 0.19-a0-749-g66ae36b (webtiles) character file.

9 Skanax the Insei (level 2, -1/21 HPs)
             Began as a Demonspawn Transmuter on June 24, 2016.
             Slain by a jackal (2 damage)
             ... on level 1 of the Dungeon.
             The game lasted 00:02:02 (331 turns).

Skanax the Insei (Demonspawn Transmuter)             Turns: 331, Time: 00:02:04

Health: -1/21      AC:  2    Str: 10    XL:     2   Next: 3%
Magic:  0/5        EV: 12    Int: 14    God:
Gold:   33         SH:  0    Dex: 13    Spells: 1 memorised, 4 levels left

rFire  . . .     SeeInvis .     h - -3 dagger (curse)
rCold  + . .     Gourm    .     b - +0 robe
rNeg   . . .     Faith    .     (no shield)
rPois  .         Spirit   .     (no helmet)
rElec  .         Dismiss  .     (no cloak)
rCorr  .         Reflect  .     (no gloves)
SustAt .         Harm     .     (boots currently unavailable)
MR     .....                    (no amulet)
Stlth  +.........               (no ring)
                                (no ring)

@: appendage, not resistant to hostile enchantments, very unstealthy
A: talons 3, cold resistance 1
a: End Transformation


You were on level 1 of the Dungeon.
You were not hungry.
You had grown temporary talons.
You visited 1 branch of the dungeon, and saw 1 of its levels.

You collected 33 gold pieces.

Inventory:

Hand Weapons
 e - a +0 whip
 h - a cursed -3 dagger (weapon)
 k - a +0 dagger
Missiles
 a - 12 arrows
Armour
 b - a +0 robe (worn)
Scrolls
 g - a scroll of identify
 j - a scroll of remove curse {unknown}
Potions
 f - a potion of brilliance
Books
 c - a book of Changes

   Spells                             Type                      Level
   a - Beastly Appendage              Transmutation                1
   b - Sticks to Snakes               Transmutation                2
   c - Spider Form                    Transmutation/Poison         3
   d - Ice Form                       Ice/Transmutation            4
   e - Blade Hands                    Transmutation                5
Comestibles
 d - a bread ration
 i - a chunk of flesh


   Skills:
 + Level 1.0 Fighting
 + Level 2.0 Dodging
 + Level 2.9 Unarmed Combat
 + Level 2.1 Spellcasting
 + Level 1.8 Transmutations


You had 4 spell levels left.
You knew the following spells:

 Your Spells              Type           Power        Failure   Level  Hunger
a - Beastly Appendage     Tmut           #.....       14%         1    #......


Dungeon Overview and Level Annotations

Branches:
Dungeon (1/15)

Altars:


Innate Abilities, Weirdness & Mutations

Your flesh is cold resistant. (rC+)
You have claws for feet.


Message History

The jackal bites you.
* * * LOW HITPOINT WARNING * * *
The jackal closely misses you. x2
Casting: Beastly Appendage
Confirm with . or Enter, or press ? or * to list all spells.
You fail to extend your transformation any further.
The jackal bites you.
* * * LOW HITPOINT WARNING * * *
The jackal bites you.
* * * LOW HITPOINT WARNING * * *
The jackal closely misses you.
Casting: Beastly Appendage
Confirm with . or Enter, or press ? or * to list all spells.
You fail to extend your transformation any further.
The jackal misses you. The jackal barely misses you.
The jackal closely misses you.
You hit the jackal.
The jackal is almost dead.
The jackal bites you.
You die...

#........# #.##
#......##### ##........#
#..# #......#
#.........####.####......#
#.......[.+..[...........#
#.........####.#.....#.###
########### #.......#.#
##.######.# ##########..#
#.# #.......###@# #.#
###.......'.hh# #.#
#.........##Kh# #.#
#....#.....#..!# #.#
#....#####.....#
#..............#
#...............
#.............#.#
#.............#.#


You could see 3 jackals and a kobold.

Vanquished Creatures
  A dart slug (D:1)
  A giant cockroach (D:1)
  A hobgoblin (D:1)
  A jackal (D:1)
  A bat (D:1)
  A kobold (D:1)
  A rat (D:1)
7 creatures vanquished.

Notes
Turn   | Place    | Note
--------------------------------------------------------------
     0 | D:1      | Skanax the Demonspawn Transmuter began the quest for the Orb.
     0 | D:1      | Reached XP level 1. HP: 15/15 MP: 3/3
   320 | D:1      | Gained mutation: Your flesh is cold resistant. (rC+) [demonic ancestry]
   320 | D:1      | Reached XP level 2. HP: 12/21 MP: 3/5
   329 | D:1      | HP: 1/21 [jackal (1)]
   331 | D:1      | Slain by a jackal

Vault maps used:
D:1:      mrwooster_arrival_statue_3

Skill      XL: |  1 |
---------------+----+-----
Dodging        | 2 |  2.0
Fighting       | |  1.0
Unarmed Combat | |  2.9
Spellcasting   | |  2.1
Transmutations | |  1.8

Action                   || total
-------------------------++-------
Melee: Dagger            ||    23
       Unarmed           ||    16
       Kick              ||     5
       Headbutt          ||     2
       Punch             ||     1
 Cast: Beastly Appendage ||    11
  Use: Scroll            ||     2
       Potion            ||     1
Armor: Robe              ||     6
Dodge: Dodged            ||    33
